 Dungeon Crawl Stone Soup version 0.17-a0-2198-g482c6e3 (webtiles) character file.

1577 Ordine the Thaumaturge (level 8, -1/45 HPs)
             Began as a Deep Elf Wizard on Oct 26, 2015.
             Was a Follower of Vehumet.
             Slain by a killer bee (7 damage)
             ... on level 6 of the Dungeon.
             The game lasted 00:29:29 (7544 turns).

Ordine the Thaumaturge (Deep Elf Wizard)            Turns: 7544, Time: 00:29:30

Health: -1/45      AC:  5    Str:  4    XL:     8   Next: 60%
Magic:  10/22      EV: 20    Int: 26    God:    Vehumet [*.....]
Gold:   33         SH:  0    Dex: 18    Spells: 5 memorised, 12 levels left

rFire  . . .     SeeInvis .     r - +1 rapier
rCold  . . .     Clarity  .     a - +0 robe
rNeg   . . .     SustAt   .     (no shield)
rPois  .         Gourm    .     q - +0 helmet
rElec  .         Spirit   .     j - +1 cloak
rCorr  .         Warding  .     (no gloves)
rMut   .         Stasis   .     (no boots)
MR     +....                    (no amulet)
Stlth  ++........               x - ring of protection from magic
                                p - ring of invisibility

@: confused, agile, very slightly contaminated, repel missiles, somewhat
resistant to hostile enchantments, unstealthy
A: no striking features
a: Renounce Religion, Evoke Invisibility


You were on level 6 of the Dungeon.
You worshipped Vehumet.
Vehumet was aware of your devotion.
You were not hungry.

You visited 1 branch of the dungeon, and saw 7 of its levels.

You collected 229 gold pieces.
You spent 196 gold pieces at shops.

Inventory:

Hand Weapons
 r - a +1 rapier (weapon)
Armour
 a - a +0 robe (worn)
 j - a +1 cloak (worn)
 q - a +0 helmet (worn)
Jewellery
 p - a ring of invisibility (left hand)
 x - a ring of protection from magic (right hand)
Scrolls
 e - 5 scrolls of identify
 k - 2 scrolls of recharging
 m - a scroll of fog
 s - 2 scrolls of amnesia
 u - 2 scrolls of teleportation
 v - 2 scrolls of remove curse
Potions
 b - a potion of resistance
 f - a potion of magic
 g - 2 potions of flight
 h - 2 potions of haste
 l - 2 potions of agility
Books
 c - a book of Minor Magic

   Spells                             Type                      Level
   a - Magic Dart                     Conjuration                  1
   b - Blink                          Translocation                2
   c - Call Imp                       Summoning                    2
   d - Repel Missiles                 Charms/Air                   2
   e - Slow                           Hexes                        2
   f - Conjure Flame                  Conjuration/Fire             3
   g - Mephitic Cloud                 Conjuration/Poison/Air       3
 n - a book of Burglary

   Spells                             Type                      Level
   a - Swiftness                      Charms/Air                   2
   b - Passwall                       Transmutation/Earth          3
   c - Passage of Golubria            Translocation                4
   d - Lee's Rapid Deconstruction     Earth                        5
   e - Darkness                       Hexes                        6
   f - Invisibility                   Hexes                        6
Comestibles
 d - 5 bread rations
 i - 5 fruits
 w - a meat ration


   Skills:
 + Level 2.4 Fighting
 + Level 3.2 Short Blades
 + Level 4.2 Dodging
 - Level 2.4 Stealth
 * Level 8.1 Spellcasting
 + Level 5.5 Conjurations
   Level 1.1 Summonings
 - Level 3.1 Translocations
 + Level 3.5 Fire Magic
 + Level 3.3 Air Magic


You had 12 spell levels left.
You knew the following spells:

 Your Spells              Type           Power        Failure   Level  Hunger
a - Magic Dart            Conj           ####         1%          1    None
b - Blink                 Tloc           N/A          2%          2    None
c - Repel Missiles        Chrm/Air       ###...       4%          2    None
d - Conjure Flame         Conj/Fire      ####....     2%          3    None
e - Mephitic Cloud        Conj/Pois/Air  ####....     8%          3    None


Dungeon Overview and Level Annotations

Branches:
Dungeon (7/15)
 Temple: D:4-7

Altars:
Ashenzari
Dithmenos
Elyvilon
Makhleb
Nemelex Xobeh
Ru
Trog
Vehumet
Zin

Shops:
D:4 ?   D:6 *

Annotations:
D:7 Joseph


Message History

You feel agile all of a sudden.
You are engulfed in noxious fumes.
You feel less confused. The killer bee stings you.
The killer bee is engulfed in noxious fumes.
The killer bee appears confused.
The killer bee is engulfed in noxious fumes.
The killer bee appears confused.
The killer bee misses you.
The killer bee is engulfed in noxious fumes.
The killer bee appears confused.
Unknown command.
Unknown command.
You hit the killer bee.
The killer bee is moderately wounded.
You are engulfed in noxious fumes.
You choke on the stench!
You are confused.
The killer bee stings you!
* * * LOW HITPOINT WARNING * * *
The killer bee completely misses you. The killer bee stings you!
You die...

#.........## ##.....## #
##..........## ###.......## #
#............## ##....._...##
####........>....####..#.......#.
.##................y...##.[...##.
.....#####..............##...###.
....## ##....§§§.......##### #.
##...# #....y§§.......# ## #....#
#....§@§.....### # #....##
#......y..#..# # ......##
#.......####.#
...##..####.....### #.#
.#####>..##....## ### ##
#.....#.### ###....## #####.# ##


You could see 3 killer bees.

Vanquished Creatures
  A black bear (D:6)
  An ice beast (D:5)
  A centaur (D:6)
  4 ogres
  2 giant frogs
  An elf skeleton (D:4)
  2 scorpions
  4 jellies (D:5)
  2 hounds
  3 human zombies (D:4)
  An iguana (D:5)
  6 worker ants
  2 hound skeletons (D:5)
  8 adders
  A shadow imp (D:5)
  An adder zombie (D:5)
  A worm (D:4)
  10 orcs
  15 bats
  2 giant cockroaches (D:1)
  4 goblins
  5 hobgoblins
  12 jackals
  A giant gecko (D:4)
  2 giant newts
  6 kobolds
  2 orc skeletons (D:4)
  3 quokkas
  11 rats
114 creatures vanquished.

Vanquished Creatures (others)
  3 jackals (D:3)
3 creatures vanquished.

Grand Total: 117 creatures vanquished

Notes
Turn   | Place    | Note
--------------------------------------------------------------
     0 | D:1      | Ordine the Deep Elf Wizard began the quest for the Orb.
     0 | D:1      | Reached XP level 1. HP: 10/10 MP: 7/7
   254 | D:1      | Reached XP level 2. HP: 15/15 MP: 7/9
  1060 | D:2      | Reached XP level 3. HP: 19/19 MP: 4/11
  1297 | D:2      | Reached skill level 5 in Spellcasting
  1624 | D:2      | Reached XP level 4. HP: 24/24 MP: 7/13
  1862 | D:3      | Learned a level 2 spell: Blink
  1866 | D:3      | Learned a level 2 spell: Repel Missiles
  1870 | D:3      | Learned a level 3 spell: Conjure Flame
  1874 | D:3      | Learned a level 3 spell: Mephitic Cloud
  2421 | D:3      | Found a radiant altar of Vehumet.
  2432 | D:3      | Became a worshipper of Vehumet
  2698 | D:3      | You fall through a shaft!
  2700 | D:4      | Found a sparkling altar of Nemelex Xobeh.
  3212 | D:4      | Found a white marble altar of Elyvilon.
  3268 | D:4      | Reached skill level 1 in Air Magic
  3268 | D:4      | Reached XP level 5. HP: 26/28 MP: 6/14
  3536 | D:4      | Reached skill level 1 in Fighting
  3536 | D:4      | Reached skill level 1 in Fire Magic
  3773 | D:4      | Reached skill level 1 in Short Blades
  3773 | D:4      | Reached XP level 6. HP: 34/34 MP: 11/16
  3790 | D:4      | Noticed an ogre
  3796 | D:4      | Killed an ogre
  3796 | D:4      | Reached skill level 6 in Spellcasting
  4120 | D:4      | Found Urghauzukh's Magic Scroll Shop.
  4126 | D:4      | Bought a scroll of identify for 28 gold pieces
  4126 | D:4      | Bought a scroll of identify for 28 gold pieces
  4126 | D:4      | Bought a scroll of teleportation for 42 gold pieces
  4126 | D:4      | Bought 2 scrolls of remove curse for 84 gold pieces
  4126 | D:4      | Bought a scroll of noise for 14 gold pieces
  4236 | D:4      | Found a shattered altar of Ashenzari.
  4309 | D:5      | Entered Level 5 of the Dungeon
  4505 | D:5      | Identified a scroll of acquirement
  4700 | D:5      | Reached XP level 7. HP: 29/38 MP: 7/18
  5018 | D:5      | Reached * piety under Vehumet
  5018 | D:5      | Offered knowledge of Flame Tongue by Vehumet.
  5323 | D:5      | Reached skill level 7 in Spellcasting
  5520 | D:5      | Noticed a balrug
  5521 | D:5      | Found a burning altar of Makhleb.
  5524 | D:5      | Found a glowing silver altar of Zin.
  5524 | D:5      | Noticed an angel
  5576 | D:5      | Reached skill level 5 in Conjurations
  5583 | D:5      | Reached XP level 8. HP: 44/44 MP: 2/20
  6079 | D:6      | Found a bloodstained altar of Trog.
  6328 | D:6      | Found a sacrificial altar of Ru.
  6492 | D:6      | Found Syraug's General Store.
  6887 | D:6      | Reached skill level 8 in Spellcasting
  7438 | D:6      | Found a shadowy altar of Dithmenos.
  7535 | D:7      | Noticed Joseph
  7544 | D:6      | Slain by a killer bee

Vault maps used:
D:1:      eino_arrival_druids_welcome
D:3:      fiery_altar_vehumet
D:4:      elyvilon_altar_5, cheibrodos_ashenzari_chains, serial_shops, shop,
          nicolae_ossuary_entry_catacombs, nemelex_xobeh_ov_fountains_minmay
D:5:      grunt_temple_overflow_order_and_chaos_2, first_bread,
          kennysheep_generic_room_5
D:6:      lemuel_doored_altar, lemuel_round_altar, nicolae_ru_awakened_eye,
          serial_shops, shop
D:7:      nicolae_overflow_crystal_walls, lemuel_crystal_altar, temple_hall,
          serial_column_ruins, column_ruins_hut, column_ruins_hut,
          column_ruins_open_large, column_ruins_columns_straight,
          column_ruins_open_small, column_ruins_grid_3, column_ruins_open_tiny,
          uniq_joseph

Action                   |  1- 3 |  4- 6 |  7- 9 || total
-------------------------+-------+-------+-------++-------
Melee: Dagger            |     1 |     4 |       ||     5
       Rapier            |       |       |     1 ||     1
 Cast: Magic Dart        |    85 |   150 |   167 ||   402
       Conjure Flame     |       |     3 |     5 ||     8
       Blink             |       |     1 |     4 ||     5
       Repel Missiles    |       |     1 |     2 ||     3
       Mephitic Cloud    |       |       |     3 ||     3
  Use: Scroll            |     7 |    14 |     3 ||    24
       Potion            |       |       |     4 ||     4
  Eat: Chunk             |     1 |    10 |     9 ||    20
